 Seeded DCSS version 0.30.1-4-g462c640d31 (webtiles) character file.

Game seed: 15660985446129201502 (custom seed)

14 AccursedSamuel the Poker (level 2, 0/19 HPs)
             Began as a Tengu Monk on Sept 12, 2023.
             Frozen to death by an endoplasm (5 damage)
             ... on level 2 of the Dungeon.
             The game lasted 00:01:35 (257 turns).

AccursedSamuel the Poker (Tengu Monk)                Turns: 257, Time: 00:01:36

Health: 0/19       AC:  2    Str: 11    XL:     2   Next: 45%
Magic:  3/3        EV: 13    Int: 10    God:
Gold:   41         SH:  0    Dex: 16    Spells: 1/1 levels left

rFire   . . .        e - +4 glaive (protect)
rCold   . . .        (shield currently unavailable)
rNeg    . . .        b - +0 robe
rPois   .            (helmet restricted)
rElec   .            (no cloak)
rCorr   .            (no gloves)
SInv    .            (boots unavailable)
Will    .....        (no amulet)
Stlth   +            (no ring)
HPRegen 0.23/turn    (no ring)
MPRegen 0.08/turn

%: no passive effects
@: no status effects
A: beak, talons 3
a: no special abilities


You were on level 2 of the Dungeon.
You visited 1 branch of the dungeon, and saw 2 of its levels.

You collected 41 gold pieces.

Inventory:

Hand Weapons
 e - a +4 glaive of protection (weapon)
Armour
 b - a +0 robe (worn)
 d - an orb of light
Potions
 c - a potion of ambrosia


   Skills:
 + Level 3.2 Fighting
 + Level 3.6 Polearms
 + Level 3.5 Dodging


You had one spell level left.
You didn't know any spells.
Your spell library was empty.

Dungeon Overview and Level Annotations

Branches:
Dungeon (2/15)

Altars:


Innate Abilities, Weirdness & Mutations

You have a beak for a mouth.
You have claws for feet.


Message History

Found a stone staircase leading up.
You now have 41 gold pieces (gained 8).
Found a stone staircase leading up.
A kobold comes into view. It is wielding a +0 dagger.
The kobold shouts!
A quokka comes into view.
There are monsters nearby!
There are monsters nearby!
An endoplasm comes into view.
The endoplasm quivers.
Found a scroll labelled QAEXORONLEN.
The kobold hits you but does no damage. The endoplasm barely misses you.
You hit the kobold.
Your weapon exudes an aura of protection.
The kobold is severely wounded.
The kobold hits you but does no damage. The endoplasm misses you.
The quokka barely misses you. The kobold hits you with a +0 dagger.
The endoplasm freezes you.
You are frozen.
You miss the kobold. You claw the kobold.
You kill the kobold!
The quokka bites you. The endoplasm barely misses you.
The quokka barely misses you.
Found a sedimented red potion.
The endoplasm hits you. The quokka barely misses you.
Things that are here:
a +0 dagger; a kobold corpse The quokka bites you.
* * * LOW HITPOINT WARNING * * *
The endoplasm closely misses you. The quokka barely misses you. x2
You barely miss the quokka. You claw the quokka. Your peck misses the quokka.
The quokka is almost dead.
The endoplasm freezes you.
You are frozen.
* * * LOW HITPOINT WARNING * * *
The quokka barely misses you. The endoplasm freezes you.
You are frozen.
You die...

#.......#.#.#
#.#.###...#.# #)#.#
#...#.#
.######<#.###...#.#
..............#...#
.########.#####...#
# .#......<#.####
##....)r.......
#....J@.......
#....?........
#......#######
#......+ #......#
#....?.# #..!...#
#......#


You could see an endoplasm and a quokka.

Vanquished Creatures
  A giant cockroach (D:2)
  3 goblins
  A hobgoblin (D:1)
  2 kobolds
  A quokka (D:1)
  A ball python (D:1)
  A bat (D:1)
  3 rats (D:1)
13 creatures vanquished.

Notes
Turn   | Place    | Note
-------+----------+-------------------------------------------
     0 | D:1      | AccursedSamuel the Tengu Monk began the quest for the Orb.
     0 | D:1      | Reached XP level 1. HP: 14/14 MP: 2/2
    75 | D:1      | Reached XP level 2. HP: 11/19 MP: 3/3
   155 | D:1      | Identified a scroll of acquirement
   155 | D:1      | Acquired a +4 glaive of protection
   257 | D:2      | Frozen to death by an endoplasm

Illustrated notes

Levels and vault maps discovered:
D:1:      minmay_arrival_pointy, layout_loops_ring, minmay_gold_behind_fungi
D:2:      layout_basic, dreamdust_ecumenical_altar_drowned_temple,
          hangedman_decor_clover_reticule, fountainhead,
          uniq_crazy_yiuf_cottage, uniq_jessica

Action                     || total
---------------------------++-------
  Melee: Spear             ||    22
         Kick              ||     6
         Peck              ||     3
         Glaive            ||     8
    Use: Scroll            ||     1
 Armour: Robe              ||    19
  Dodge: Dodged            ||    43
